 Dungeon Crawl Stone Soup version 0.30-a0-373-gd37427bb62 (webtiles) character file.

Game seed: 17637269491167376371

7583 garrulousMonolith the Cleaver (level 11, 0/95 HPs)
             Began as a Hill Orc Fighter on Nov 24, 2022.
             Was a Believer of Beogh.
             Killed from afar by an acid dragon (20 damage)
             ... with a splash of acid
             ... on level 9 of the Dungeon.
             The game lasted 00:13:29 (10336 turns).

garrulousMonolith the Cleaver (Hill Orc Fighter)   Turns: 10336, Time: 00:13:30

Health: 0/95       AC: 12    Str: 26    XL:     11   Next: 17%
Magic:  0/17       EV:  8    Int: 12    God:    Beogh [**....]
Gold:   476        SH: 11    Dex: 10    Spells: 10/10 levels left

rFire   . . .      SeeInvis .    C - +2 dagger (elec)
rCold   . . .      Faith    .    L - +2 kite shield
rNeg    . . .      Spirit   +    I - +0 chain mail
rPois   +          Reflect  .    (no helmet)
rElec   .          Harm     .    (no cloak)
rCorr   .          Rampage  .    (no gloves)
Will    .....                    J - +0 pair of boots
Stlth   ..........               p - amulet of guardian spirit
HPRegen 0.35/turn                y - ring of poison resistance
MPRegen 0.15/turn                K - +6 ring of strength

@: mighty
A: no striking features
a: Renounce Religion, Smiting


You were on level 9 of the Dungeon.
You worshipped Beogh.
Beogh was pleased with you.
You visited 2 branches of the dungeon, and saw 10 of its levels.

You collected 476 gold pieces.

Inventory:

Hand Weapons
 a - a +0 broad axe
 r - a +2 whip of venom
 C - a +2 dagger of electrocution (weapon)
Missiles
 d - a silver boomerang
 f - 5 boomerangs (quivered)
 G - a curare-tipped dart
Armour
 c - a +0 buckler
 x - +1 steam dragon scales
 I - a +0 chain mail (worn)
 J - a +0 pair of boots (worn)
 L - a +2 kite shield (worn)
Jewellery
 p - an amulet of guardian spirit (around neck)
 s - the ring "Diet" {rN+ Int+2}
   (You took it off a centaur warrior on level 9 of the Dungeon)

   [ring of positive energy]

   Int:       It affects your intelligence (+2).
   rN:        It protects you from negative energy.
 y - a ring of poison resistance (left hand)
 K - a +6 ring of strength (right hand)
Wands
 v - a wand of iceblast (7)
 D - a wand of flame (21)
 H - a wand of polymorph (7)
Scrolls
 b - a scroll of acquirement {unknown}
 g - a scroll of magic mapping
 h - 5 scrolls of teleportation
 j - 3 scrolls of vulnerability
 k - a scroll of noise {unknown}
 n - a scroll of blinking {unknown}
 o - a scroll of brand weapon {unknown}
 q - 2 scrolls of poison
 t - a scroll of fear
 w - a scroll of torment {unknown}
 B - 2 scrolls of identify
 E - a scroll of amnesia {unknown}
Potions
 e - 6 potions of curing
 i - a potion of flight
 l - 2 potions of brilliance
 m - a potion of magic
 u - a potion of attraction
 z - a potion of mutation


   Skills:
 + Level 8.8 Fighting
 * Level 12.0 Axes
 + Level 7.8 Armour
 - Level 5.0 Dodging
 + Level 7.8 Shields
 + Level 8.3 Invocations


You had 10 spell levels left.
You didn't know any spells.
Your spell library contained the following spells:

 Spells                   Type           Power      Damage    Failure   Level
 Sting                    Tmut/Pois      0%         1d3       99%         1
 Poisonous Vapours        Pois/Air       0%         N/A       100%        2
 Scorch                   Fire           0%         2d5       100%        2
 Ignite Poison            Fire/Tmut/Pois 0%         N/A       100%        3
 Flame Wave               Conj/Fire      0%         2d4       100%        4
 Olgreb's Toxic Radiance  Pois           0%         N/A       100%        4
 Sticky Flame             Conj/Fire      0%         2d3       100%        4
 Conjure Ball Lightning   Conj/Air       0%         3x3d7     100%        6
 Summon Cactus Giant      Summ           0%         N/A       100%        6
 Discord                  Hex            0%         N/A       100%        8
 Disjunction              Tloc           0%         N/A       100%        8
 Ignition                 Fire           0%         3d3       100%        8


Dungeon Overview and Level Annotations

Branches:
Dungeon (9/15)             Temple (1/1) D:4            Lair (0/5) D:8
    Orc: D:9-12

Altars:
Ashenzari
Cheibriados
Dithmenos
Elyvilon
Fedhas
Gozag
Hepliaklqana
Kikubaaqudgha
Makhleb
Nemelex Xobeh
Okawaru
Qazlal
Sif Muna
Trog
Uskayaw
Vehumet
Wu Jian
Xom
Yredelemnul
Zin
The Shining One

Shops:
D:4 *   D:8 (

Annotations:
D:9 2 runed translucent doors


Message History

The five-headed hydra bites you but does no damage.
You block the five-headed hydra's attack.
Aiming: Smiting
Press: ? - help, Dir - move target, f - five-headed hydra Smite: a five-headed hydra (heavily wounded)
You smite the five-headed hydra!!
The five-headed hydra is severely wounded.
The five-headed hydra bites you but does no damage.
The five-headed hydra bites you!
* * * LOW HITPOINT WARNING * * *
The five-headed hydra bites you.
* * * LOW HITPOINT WARNING * * *
You block the five-headed hydra's attack.
The five-headed hydra bites you.
* * * LOW HITPOINT WARNING * * *
You don't have enough magic at the moment.
Unknown command.
Okay, then.
As you read the scroll of fear, it crumbles to dust.
You assume a fearsome visage.
The five-headed hydra looks frightened!
s - the ring "Diet" {rN+ Int+2}
Things that are here:
a +0 shortbow; a manticore skeleton
Things that are here:
a +0 giant club; a +0 giant spiked club
Things that are here:
a +0 giant spiked club; a +0 giant spiked club; a two-headed ogre skeleton
Things that are here:
a +0 shortbow; a manticore skeleton You see here an acid dragon corpse.
There is an open door here.
You see here a +0 trident.
There is an open door here.
Things that are here:
a +0 club; the +1 ring mail of the Armoured One {Contam Harm rC+ Str+6} An acid dragon comes into view.
The acid dragon roars!
You hear a shout!
The acid dragon spits acid at you. The splash of acid hits you!!
You die...

.................................
#########...#####................
#.†.............................
##)#'#'#########'................
#))#.##.......).#................
#.##.##.#.#.#.#.#................
..#...###.#.#.###)...............
.##...##..#.#..#..)..............
.#..#..##.#.#.##@................
##.#.#.##.#.#.#..................
#...#...###.###..................
#..#.#..##...#...#######..#####..
..#.#.#..##)##.### #..# #..
.........##.#..# #..# #..
#'#######'#'#..# #..#####..
##.........##.D#########.........
##.#########...<.................


You could see an acid dragon (catching breath).

Vanquished Creatures
  2 two-headed ogres (D:9)
  A centaur warrior (D:9)
  Pikel (D:8)
  A manticore (D:9)
  Maggie (D:8)
  A hornet (D:9)
  A yak (D:8)
  A steam dragon (D:8)
  3 wargs (D:7)
  An acid dragon (D:9)
  2 water moccasins
  A sky beast (D:8)
  An ice beast (D:6)
  2 black bears (D:7)
  2 ogres
  4 centaurs
  3 kobold brigands
  3 bullfrogs
  A gnoll sergeant (D:8)
  A necrophage (D:2)
  8 scorpions
  A wight (D:9)
  8 killer bees
  5 howler monkeys
  4 hounds
  3 jellies (D:7)
  5 orc priests
  2 gnoll boudas
  5 iguanas
  8 orc wizards
  9 adders
  14 gnolls
  3 shadow imps
  2 white imps
  3 worms (D:2)
  31 orcs
  12 bats
  8 endoplasms
  2 giant cockroaches (D:3)
  3 goblins
  8 hobgoblins
  3 jackals (D:1)
  2 quokkas (D:1)
  5 ball pythons
  5 frilled lizards
  11 kobolds
  5 rats
208 creatures vanquished.

Vanquished Creatures (others)
  An ogre (D:6)
  2 orcs
  7 fungi (D:7)
10 creatures vanquished.

Grand Total: 218 creatures vanquished

Notes
Turn   | Place    | Note
-------+----------+-------------------------------------------
     0 | D:1      | garrulousMonolith the Hill Orc Fighter began the quest for
                  | the Orb.
     0 | D:1      | Reached XP level 1. HP: 19/19 MP: 1/1
    58 | D:1      | Reached skill level 3 in Axes
    58 | D:1      | Reached XP level 2. HP: 19/27 MP: 2/2
   480 | D:2      | Reached skill level 1 in Invocations
   484 | D:2      | Reached XP level 3. HP: 22/33 MP: 3/3
   685 | D:2      | Reached XP level 4. HP: 34/40 MP: 3/5
   844 | D:2      | Noticed a necrophage
   852 | D:2      | Killed a necrophage
   853 | D:2      | Reached skill level 4 in Axes
   853 | D:2      | Reached skill level 1 in Dodging
   853 | D:2      | Reached XP level 5. HP: 41/47 MP: 6/6
  1510 | D:3      | Reached XP level 6. HP: 42/53 MP: 6/8
  1693 | D:3      | Reached skill level 5 in Axes
  1919 | D:4      | Found a staircase to the Ecumenical Temple.
  1950 | Temple   | Entered the Ecumenical Temple
  2778 | D:4      | Found Takiowk's Overcharged Wands.
  2956 | D:5      | Entered Level 5 of the Dungeon
  3043 | D:5      | Reached XP level 7. HP: 39/60 MP: 6/9
  3177 | D:5      | Reached skill level 5 in Fighting
  3285 | D:5      | Reached skill level 6 in Axes
  3297 | D:5      | Found a large runed translucent door.
  3300 | D:5      | Found a large runed translucent door.
  3953 | D:5      | Found a snail-covered altar of Cheibriados.
  4042 | D:5      | Found a burning altar of Makhleb.
  4077 | D:6      | Reached XP level 8. HP: 60/69 MP: 9/11
  4099 | D:6      | Reached skill level 5 in Armour
  4099 | D:6      | Reached skill level 5 in Shields
  4273 | D:6      | Reached skill level 7 in Axes
  4369 | D:6      | Became a worshipper of Beogh the Brigand
  5073 | D:7      | Reached skill level 5 in Invocations
  5527 | D:7      | Reached skill level 8 in Axes
  5533 | D:7      | Reached XP level 9. HP: 69/77 MP: 10/13
  6021 | D:7      | Found a bloodstained altar of Trog.
  6531 | D:7      | Reached * piety under Beogh
  6875 | D:8      | Noticed Maggie
  6884 | D:8      | Killed Maggie
  6885 | D:8      | Reached skill level 9 in Axes
  6977 | D:8      | Noticed Pikel
  7006 | D:8      | Killed Pikel
  7007 | D:8      | Reached skill level 10 in Axes
  7007 | D:8      | Reached XP level 10. HP: 30/86 MP: 4/15
  8314 | D:8      | Found a staircase to the Lair.
  8419 | D:8      | Reached ** piety under Beogh
  8453 | D:8      | Found Surroick's Weapon Boutique.
  8830 | D:8      | Found a sparkling altar of Nemelex Xobeh.
  8835 | D:8      | Found a basalt altar of Yredelemnul.
  9418 | D:9      | Reached skill level 11 in Axes
  9831 | D:9      | Identified the +1 ring mail of the Armoured One {Contam
                  | Harm rC+ Str+6}
  9896 | D:9      | Found a runed translucent door.
  9897 | D:9      | Found a runed translucent door.
  9897 | D:9      | Noticed a cyan ugly thing
  9904 | D:9      | Noticed a manticore
  9906 | D:9      | Noticed a two-headed ogre
  9909 | D:9      | Noticed a five-headed hydra
  9909 | D:9      | Noticed a cyclops
 10076 | D:9      | Noticed a two-headed ogre
 10080 | D:9      | Killed a manticore
 10083 | D:9      | Killed a two-headed ogre
 10086 | D:9      | Identified the ring "Diet" {rN+ Int+2}
 10086 | D:9      | Noticed a centaur warrior
 10087 | D:9      | Killed a two-headed ogre
 10088 | D:9      | Reached XP level 11. HP: 46/95 MP: 4/17
 10097 | D:9      | Killed a centaur warrior
 10098 | D:9      | Reached skill level 12 in Axes
 10098 | D:9      | Reached skill level 5 in Dodging
 10336 | D:9      | Killed from afar by an acid dragon

Illustrated notes

Levels and vault maps discovered:
D:1:      minmay_arrival_up_and_down, layout_rooms
D:2:      layout_rooms
D:3:      layout_rooms
D:4:      layout_basic, minmay_temple_entry_stoned_glass,
          nicolae_shop_overcharged_wands
D:5:      layout_layer_cave, jmf_multi_god_temple2,
          chequers_serial_rivers_room_a, kennysheep_big_empty_room
D:6:      layout_loops_ring
D:7:      old_forge, layout_loops_ring, lemuel_coloured_pillars_altar,
          chequers_garden
D:8:      layout_basic, mainiacjoe_overflow_catch_the_wave,
          erik_lair_orcish_takeover, serial_shops, kennysheep_mini_moat,
          st_stairs_2, uniq_maggie, uniq_pikel
D:9:      minmay_the_grid_triangle_9x9_rhombus_thin
          [minmay_the_grid_triangle_9x9_tough_junction,
          minmay_the_grid_triangle_9x9_prize_special,
          minmay_the_grid_triangle_9x9_from_above,
          minmay_the_grid_triangle_9x9_limited_checkers], layout_small_grid
Temple:   nicolae_temple_slightly_damp_pantheon

Skill      XL: |  1  2  3  4  5  6  7  8  9 10 11 |
---------------+----------------------------------+-----
Axes           | 3 4 5 6 8 10 11 12 | 12.0
Invocations    | 1 2 3 4 5 6 8 |  8.3
Fighting       | 4 5 6 7 8 |  8.8
Dodging        | 1 2 3 4 5 |  5.0
Armour         | 4 5 6 7 |  7.8
Shields        | 4 5 6 7 |  7.8

Action                   |  1- 3 |  4- 6 |  7- 9 | 10-12 || total
-------------------------+-------+-------+-------+-------++-------
Melee: War axe           |   109 |   179 |   305 |    46 ||   639
       Unarmed           |       |       |     2 |       ||     2
       Dagger            |       |       |       |   113 ||   113
       Whip              |       |       |       |    79 ||    79
       Broad axe         |       |       |       |    90 ||    90
Throw: Boomerang         |       |       |       |     4 ||     4
Invok: Convert to Beogh  |       |       |     1 |       ||     1
       Smiting           |       |       |       |     2 ||     2
Evoke: Wand              |       |       |       |     9 ||     9
  Use: Scroll            |     1 |     5 |     4 |     6 ||    16
       Potion            |       |     2 |     4 |     8 ||    14
 Stab: Held in net/web   |       |       |     1 |       ||     1
Armor: Scale mail        |    62 |    72 |    91 |       ||   225
       Chain mail        |       |       |    30 |   177 ||   207
       Steam dragon scal |       |       |    12 |     4 ||    16
Dodge: Dodged            |    61 |    82 |   177 |   151 ||   471
Block: Buckler           |    25 |    35 |    75 |    59 ||   194
       Kite shield       |       |       |       |   128 ||   128

Table legend: (Time is in decaauts)
 A = Elapsed time spent in this place.
 B = Non-inter-level travel time spent in this place.
 C = Inter-level travel time spent in this place.
 D = Time resting spent in this place.
 E = Time spent auto-exploring this place.
 F = Levels seen in this place.
 G = Mean time per level.
                   A        B        C        D        E       F      G
               +--------+--------+--------+--------+--------+-----+--------+
         Total |  10510 |   9902 |    608 |   1917 |   5940 |  10 | 1051.0 |
       Dungeon |  10327 |   9738 |    589 |   1917 |   5793 |   9 | 1147.4 |
        Temple |    182 |    163 |     19 |      0 |    147 |   1 |  182.0 |
               +--------+--------+--------+--------+--------+-----+--------+

Top non-repeatable levels by time:
     D:7: 2276 daAuts
     D:8: 1424 daAuts
     D:9: 1343 daAuts
     D:5: 1203 daAuts
     D:6: 1007 daAuts
     D:3: 884 daAuts
     D:4: 826 daAuts
     D:2: 806 daAuts
     D:1: 554 daAuts
  Temple: 182 daAuts
